Map: [ESL] Gresvan

Players

Maru - Winner!

  • Race: Terran Terran
  • Spawn Location: 11:00

Classic

  • Race: Protoss Protoss
  • Spawn Location: 5:00

VOD

Have the link to the VOD?

Description

Time

  • Played on: July 4, 2023, 6:15 a.m.
  • Length: 6:19
Show
View Real Time Build Order
Export as new Build Order

Maru Terran - Winner!

Build Orders: Gas First Reaper Expand, Liberator Opening 

Get SALT Encoding   

  12  0:00  SCV  
  13  0:12  SCV  
  14  0:17  Supply Depot  
  14  0:24  SCV  
  15  0:28  Refinery  
  15  0:38  SCV  
  16  0:43  Barracks  
  16  0:50  SCV  
  17  1:03  SCV  
  18  1:15  SCV  
  19  1:30  Orbital Command, Reaper  
  20  1:45  Command Center  
  20  1:51  Factory  
  20  1:56  SCV  
  21  2:06  Barracks Reactor  
  21  2:08  SCV  
  21  2:09  Refinery  
  21  2:12  Supply Depot  
  22  2:20  SCV  
  23  2:33  SCV  
  23  2:36  Hellion  
  26  2:39  Starport  
  26  2:43  Marine x2  
  28  2:45  SCV  
  29  2:58  SCV  
  32  2:59  Factory Tech Lab  
  32  3:00  Marine  
  32  3:01  Orbital Command, Marine  
  32  3:10  SCV  
  33  3:17  Cyclone  
  36  3:21  Marine x2  
  36  3:24  Supply Depot, Orbital Command  
  36  3:26  SCV  
  38  3:38  SCV  
  38  3:40  Liberator  
  40  3:41  Marine x2  
  42  3:50  SCV  
  42  3:53  Siege Tank  
  45  3:56  SCV  
  45  3:57  Supply Depot  
  45  4:01  Marine x2  
  45  4:02  SCV  
  49  4:09  Supply Depot  
  49  4:10  SCV  
  50  4:19  Marine x2  
  52  4:24  Medivac  
  52  4:29  Siege Tank  
  57  4:34  Supply Depot  
  57  4:35  SCV  
  57  4:37  Marine x2  
  60  4:40  SCV  
  61  4:47  SCV  
  61  4:52  SCV  
  63  4:54  Marine  
  63  4:55  Marine  
  63  4:56  Liberator  
  63  4:59  SCV  
  69  5:04  SCV  
  70  5:11  SCV  
  70  5:12  Marine x2  
  72  5:16  Siege Tank, Supply Depot  
  75  5:26  SCV  
  76  5:30  SCV, Marine  
  76  5:33  Supply Depot  
  76  5:34  Marine  
  76  5:48  Marine  
  74  5:52  Marine  
  74  5:58  Starport Tech Lab  
  74  6:01  SCV  
  74  6:02  SCV  
Show
View Real Time Build Order
Export as new Build Order

Classic Protoss 

Build Orders: 1 Gate Expand, Oracle Opening 

Get SALT Encoding   

  12  0:00  Probe  
  13  0:12  Probe  
  14  0:17  Pylon  
  14  0:24  Probe  
  15  0:35  Gateway  
  15  0:36  Probe (Chrono Boost)  
  16  0:46  Probe (Chrono Boost), Assimilator  
  17  0:51  Probe (Chrono Boost)  
  18  1:03  Probe  
  19  1:15  Probe  
  20  1:22  Cybernetics Core  
  20  1:30  Nexus  
  20  1:36  Pylon  
  20  1:39  Probe  
  21  1:45  Assimilator  
  21  1:51  Probe  
  22  1:55  Adept (Chrono Boost)  
  22  2:00  Pylon  
  24  2:03  Probe  
  25  2:15  Probe, Adept (Chrono Boost)  
  28  2:27  Probe, Stargate  
  28  2:34  Warp Gate  
  28  2:38  Adept (Chrono Boost)  
  28  2:41  Probe  
  28  2:43  Probe  
  32  2:53  Probe  
  32  2:55  Probe  
  34  2:59  Stalker (Chrono Boost)  
  34  3:05  Probe  
  37  3:07  Probe  
  37  3:09  Oracle (Chrono Boost)  
  41  3:17  Probe  
  41  3:19  Probe  
  43  3:24  Gateway  
  43  3:29  Probe  
  43  3:31  Probe  
  45  3:38  Twilight Council  
  45  3:41  Probe  
  45  3:43  Probe  
  45  3:47  Gateway  
  47  3:54  Probe  
  47  3:55  Probe  
  47  3:57  Assimilator  
  47  3:59  Assimilator  
  47  4:01  Robotics Facility  
  47  4:03  Pylon  
  47  4:08  Probe (Chrono Boost)  
  49  4:11  Probe (Chrono Boost)  
  49  4:19  Probe (Chrono Boost)  
  49  4:22  Blink (Chrono Boost)  
  49  4:23  Probe (Chrono Boost)  
  51  4:25  Probe (Chrono Boost)  
  52  4:32  Probe, Stalker  
  52  4:34  Probe  
  56  4:40  Pylon  
  57  4:47  Robotics Bay  
  57  4:49  Stalker  
  58  4:53  Nexus  
  58  4:56  Stalker  
  60  5:01  Stalker  
  60  5:05  Pylon  
  62  5:09  Probe  
  62  5:10  Probe  
  64  5:15  Stalker  
  64  5:20  Shield Battery  
  66  5:23  Stalker  
  66  5:27  Stalker  
  66  5:28  Immortal (Chrono Boost)  
  72  5:39  Stalker  
  64  5:49  Stalker  
  45  5:50  Stalker  
Tags
 
Add a new tag
Caveats
  • Supply blocks, unpowered buildings, or Contaminate may cause inaccurate times.
  • Supply counts are checked every 10 seconds.